 Dungeon Crawl Stone Soup version 0.30.1 (webtiles) character file.

Game seed: 11602286066686432568

14 spardeous the Sneak (level 2, -12/11 HPs)
             Began as a Felid Earth Elementalist on July 14, 2023.
             Killed by divine providence
             ... invoked by an orc priest
              (13 damage)
             ... on level 2 of the Dungeon.
             The game lasted 00:01:10 (399 turns).

spardeous the Sneak (Felid Earth Elementalist)       Turns: 399, Time: 00:01:11

Health: -12/11     AC:  1    Str:  4    XL:     2   Next: 27%
Magic:  3/6        EV: 17    Int: 16    God:
Gold:   7          SH:  0    Dex: 16    Spells: 4/5 levels left
                                        Lives:  0   Deaths: 0

rFire   . . .        (weapon unavailable)
rCold   . . .        (shield unavailable)
rNeg    . . .        (body armour unavailable)
rPois   .            (helmet unavailable)
rElec   .            (cloak unavailable)
rCorr   .            (gloves unavailable)
SInv    +            (boots unavailable)
Will    .....        (no amulet)
Stlth   ++           c - ring of flight
HPRegen 0.21/turn    (no ring)
MPRegen 0.10/turn

%: no passive effects
@: flying, quick
A: very small, claws 1, fangs 3, see invisible, speed 1, shaggy fur 1, stealthy
paws, no weapons or thrown items, no armour, multi-lived
a: no special abilities


You were on level 2 of the Dungeon.
You visited 1 branch of the dungeon, and saw 3 of its levels.

You collected 7 gold pieces.

Inventory:

Jewellery
 c - a ring of flight (left paw)
Scrolls
 b - 3 scrolls of identify {unknown}
 d - a scroll of fog {unknown}
Potions
 a - a potion of magic


   Skills:
 + Level 2.8 Dodging
 + Level 3.2 Stealth
 - Level 2.0 Spellcasting
 - Level 1.1 Transmutations
 * Level 3.1 Earth Magic


You had 4 spell levels left.
You knew the following spells:

 Your Spells              Type           Power      Damage    Failure   Level
a - Sandblast             Erth           22%        2d7       5%          1

Your spell library contained the following spells:

 Spells                   Type           Power      Damage    Failure   Level
 Passwall                 Tmut/Erth      6%         N/A       13%         2
 Stone Arrow              Conj/Erth      12%        3d7       32%         3
 Petrify                  Tmut/Erth      8%         N/A       65%         4


Dungeon Overview and Level Annotations

Branches:
Dungeon (3/15)

Altars:


Innate Abilities, Weirdness & Mutations

You have sharp claws.
You have razor-sharp teeth.
You have supernaturally acute eyesight. (SInv)
You cover ground quickly. (Speed+)
You are covered in fur. (AC +1)
Your paws help you pounce on unaware monsters.
You are incapable of wielding weapons or throwing items.
You cannot wear armour.
You gain extra lives every three experience levels.


Message History

There is a stone staircase leading down here.
You fly downwards.
There is a stone staircase leading up here.
Casting: Sandblast (safe; 5% risk of failure)
Confirm with . or Enter, or press ? or * to list all spells.
Aiming: Sandblast (safe; 5% risk of failure)
Press: ? - help, Shift-Dir - straight line, f - orc priest
Aim: an orc priest, wielding a +0 club (82% to hit)
The blast of sand hits the orc priest.
The orc priest is heavily wounded.
The orc priest closely misses you.
You fly upwards.
There is a stone staircase leading down here.
Casting: Sandblast (safe; 5% risk of failure)
Confirm with . or Enter, or press ? or * to list all spells.
Aiming: Sandblast (safe; 5% risk of failure)
Press: ? - help, Shift-Dir - straight line, f - orc priest
Aim: an orc priest, wielding a +0 whip and wearing a +0 ring mail (84% to hit)
The blast of sand hits the orc priest but does no damage.
The orc priest barely misses you.
Casting: Sandblast (safe; 5% risk of failure)
Confirm with . or Enter, or press ? or * to list all spells.
Aiming: Sandblast (safe; 5% risk of failure)
Press: ? - help, Shift-Dir - straight line, f/p - orc priest
Aim: an orc priest, wielding a +0 whip and wearing a +0 ring mail (84% to hit)
The blast of sand hits the orc priest but does no damage.
The orc priest misses you. The orc priest hits you with a +0 whip.
Casting: Sandblast (safe; 5% risk of failure)
Confirm with . or Enter, or press ? or * to list all spells.
Aiming: Sandblast (safe; 5% risk of failure)
Press: ? - help, Shift-Dir - straight line, f/p - orc priest
Aim: an orc priest, wielding a +0 whip and wearing a +0 ring mail (84% to hit)
The blast of sand hits the orc priest but does no damage.
The orc priest hits you with a +0 whip.
* * * LOW HITPOINT WARNING * * *
Unknown command.
The orc priest mumbles some strange prayers to Beogh against you.
Beogh smites you!
Ouch! That really hurt!
You die...

##.#.# #.##.#
.#.# ###.##
##.#.# #.###. #
+ ...... ..#.#
#.# # ###.## #.#
#.# #.# ##
#######.# #.#
~~~
#....##.######.#
+.+ ...~
####...........#
....~
##.###.#######.#
#....~##..#
#[.@>o....#
#....'..##
#..######..)
#...~#### #..#
#... #..# #..
#..# #. #..# ..
#..# h ...#


You could see an orc priest.

Vanquished Creatures
  A ball python (D:1)
  A bat (D:2)
  2 endoplasms
  2 giant cockroaches
  2 hobgoblins (D:2)
  2 kobolds (D:2)
  A frilled lizard (D:2)
11 creatures vanquished.

Notes
Turn   | Place    | Note
-------+----------+-------------------------------------------
     0 | D:1      | spardeous the Felid Earth Elementalist began the quest for
                  | the Orb.
     0 | D:1      | Reached XP level 1. HP: 7/7 MP: 4/4
   233 | D:2      | Found a faded altar of an unknown god.
   245 | D:2      | Reached XP level 2. HP: 11/11 MP: 4/6
   399 | D:2      | Killed from afar by an orc priest

Illustrated notes

Levels and vault maps discovered:
D:1:      onia_arrival_handbag, layout_loops_ring, serial_shops,
          nicolae_shop_industrial_runoff, nrook_mini_vaults
D:2:      layout_loops_ring, hellmonk_ecumenical_altar_lost_god,
          minmay_door_square, kennysheep_potato
D:3:      minmay_general_purpose_star, layout_loops_ring,
          uniq_crazy_yiuf_cottage

Skill      XL: |  1 |
---------------+----+-----
Stealth        | 3 |  3.2
Earth Magic    | 3 |  3.1
Dodging        | |  2.8
Spellcasting   | |  2.0
Transmutations | |  1.1

Action                     || total
---------------------------++-------
   Cast: Sandblast         ||    22
  Dodge: Dodged            ||    15
